 Dungeon Crawl Stone Soup version 0.31-a0-174-g85c54bcb58 (webtiles) character file.

Game seed: 1826072134511256745

60 Moral the Sneak (level 4, -11/40 HPs)
             Began as a Naga Brigand on June 16, 2023.
             Killed by an exploding goblin (23 damage)
             ... ignited by their inner flame
             ... on level 2 of the Dungeon.
             The game lasted 00:06:32 (2395 turns).

Moral the Sneak (Naga Brigand)                      Turns: 2395, Time: 00:06:33

Health: -11/40     AC:  4    Str: 13    XL:     4   Next: 6%
Magic:  4/4        EV: 10    Int: 12    God:
Gold:   82         SH:  0    Dex: 14    Spells: 3/3 levels left

rFire   . . .        f - +0 short sword (speed)
rCold   . . .        (no shield)
rNeg    . . .        b - +0 robe
rPois   +            (no helmet)
rElec   .            c - +0 cloak
rCorr   .            j - +0 pair of gloves
SInv    +            (no barding)
Will    .....        (no amulet)
Stlth   +++          (no ring)
HPRegen 0.26/turn    (no ring)
MPRegen 0.09/turn

%: no passive effects
@: very slow
A: AC +1, large, see invisible, deformed body, poison resistance, slowness 2,
spit poison 1, naga tail 1
a: Spit Poison


You were on level 2 of the Dungeon.
You visited 1 branch of the dungeon, and saw 2 of its levels.

You collected 82 gold pieces.

Inventory:

Hand Weapons
 f - a +0 short sword of speed (weapon)
Missiles
 d - 9 poisoned darts (quivered)
 e - 3 curare-tipped darts
Armour
 b - a +0 robe (worn)
 c - a +0 cloak (worn)
 j - a +0 pair of gloves (worn)
Scrolls
 a - 3 scrolls of identify {unknown}


   Skills:
 + Level 2.4 Fighting
 + Level 2.4 Short Blades
 - Level 1.7 Throwing
 + Level 1.3 Dodging
 * Level 6.8 Stealth
 + Level 1.1 Unarmed Combat


You had 3 spell levels left.
You didn't know any spells.
Your spell library was empty.

Dungeon Overview and Level Annotations

Branches:
Dungeon (2/15)

Altars:

Annotations:
D:2 Robin


Innate Abilities, Weirdness & Mutations

Your serpentine skin is tough. (AC +1)
You have supernaturally acute eyesight. (SInv)
Armour fits poorly on your strangely shaped body.
Your system is resistant to poisons. (rPois)
You cover ground very slowly.
You can spit poison.
You have a snake-like lower body.


Message History

Robin of the Strong Arm comes into view.
They are wielding a +0 spear. 6 goblins come into view.
Robin hits you but does no damage.
A goblin comes into view. It is wielding a +0 club.
Robin roars a battlecry!
The goblins go into a battle-frenzy!
The goblin moves out of view.
The goblin shouts! x3; You hear a shout!
You hit Robin.
Robin is moderately wounded.
You completely miss Robin.
Robin is moderately wounded.
Robin hits you with a +0 spear.
A rat comes into view.
You hit Robin but do no damage.
Robin is moderately wounded.
You hit Robin but do no damage.
Robin is moderately wounded.
Robin throws the goblin at you! The goblin hits you with a +0 dagger.
A dart slug comes into view.
Robin throws the goblin at you! The goblin hits you with a +0 dagger.
As you read the scroll labelled MAGAVYSSIK, it crumbles to dust.
You hear a loud clanging noise!
It was a scroll of noise.
Robin hits you from afar with a +0 spear.
The goblin hits you with a +0 dagger. The goblin hits you but does no damage.
As you read the scroll labelled YMAHOD QATOU, it crumbles to dust.
The creatures around you are filled with an inner flame!
It was a scroll of immolation.
Robin throws the goblin at you! The goblin hits you with a +0 dagger.
The goblin hits you with a +0 club. The goblin misses you.
It was a potion of magic.
Magic courses through your body. Robin barely misses you.
The goblin hits you but does no damage. x2
The goblin hits you with a +0 dagger.
* * * LOW HITPOINT WARNING * * *
You hit the goblin.
The goblin explodes!
The fiery explosion engulfs you!!
Ouch! That really hurt!
You die...

.....# ##....##.# ....#
.....####..#####.#.....#
..........######.#..).#
...###................#
...###.#########.#....#
.......# #.# ..#
######## #ยง# # # #)# #
###@# # #.gg# # ##..ggg#
# #####gggg. # #.rw # ..
#


You could see Robin (inner flame) and 2 goblins.

Vanquished Creatures
  An adder (D:2)
  A worm (D:2)
  2 dart slugs (D:1)
  2 giant cockroaches (D:1)
  5 goblins
  4 hobgoblins
  4 jackals (D:1)
  4 quokkas
  3 ball pythons
  5 bats
  6 kobolds
  5 rats
42 creatures vanquished.

Notes
Turn   | Place    | Note
-------+----------+-------------------------------------------
     0 | D:1      | Moral the Naga Brigand began the quest for the Orb.
     0 | D:1      | Reached XP level 1. HP: 19/19 MP: 1/1
    42 | D:1      | Reached skill level 6 in Stealth
    50 | D:1      | Reached skill level 1 in Dodging
    50 | D:1      | Reached XP level 2. HP: 7/26 MP: 2/2
   726 | D:1      | Reached XP level 3. HP: 32/32 MP: 3/3
  1671 | D:2      | Reached skill level 1 in Unarmed Combat
  2374 | D:2      | Reached XP level 4. HP: 40/40 MP: 4/4
  2385 | D:2      | Noticed Robin
  2395 | D:2      | Killed by an exploding goblin... ignited by their inner
                  | flame

Illustrated notes

Levels and vault maps discovered:
D:1:      psy_arrival_basics, layout_basic
D:2:      layout_rooms, wad_floor_pattern_1, uniq_robin

Skill      XL: |  1  2  3 |
---------------+----------+-----
Stealth        | 6 |  6.8
Dodging        | 1 |  1.3
Unarmed Combat | 1 |  1.1
Fighting       | |  2.4
Short Blades   | |  2.4
Throwing       | |  1.7

Action                     |  1- 3 |  4- 6 || total
---------------------------+-------+-------++-------
  Melee: Dagger            |    31 |       ||    31
         Punch             |     3 |       ||     3
         Short sword       |   163 |    14 ||   177
    Use: Scroll            |       |     2 ||     2
         Potion            |       |     1 ||     1
   Stab: Sleeping          |     3 |       ||     3
 Armour: Robe              |    39 |     7 ||    46
  Dodge: Dodged            |    72 |     4 ||    76

Table legend: (Time is in decaauts)
 A = Elapsed time spent in this place.
 B = Non-inter-level travel time spent in this place.
 C = Inter-level travel time spent in this place.
 D = Time resting spent in this place.
 E = Time spent auto-exploring this place.
 F = Levels seen in this place.
 G = Mean time per level.
                   A        B        C        D        E       F      G
               +--------+--------+--------+--------+--------+-----+--------+
         Total |   2711 |   2711 |      0 |    880 |   1459 |   2 | 1355.5 |
       Dungeon |   2711 |   2711 |      0 |    880 |   1459 |   2 | 1355.5 |
               +--------+--------+--------+--------+--------+-----+--------+

Top non-repeatable levels by time:
     D:1: 1403 daAuts
     D:2: 1307 daAuts
